 Dungeon Crawl Stone Soup version 0.30-a0-1018-g25214051b3 (webtiles) character file.

Game seed: 8782490518773277142

2245 greenreed the Thaumaturge (level 9, -6/39 HPs)
             Began as a Spriggan Conjurer on Apr 7, 2023.
             Was an Elder of Vehumet.
             Shot with an arrow by a centaur (11 damage)
             ... on level 6 of the Dungeon.
             The game lasted 00:19:03 (7196 turns).

greenreed the Thaumaturge (Spriggan Conjurer)       Turns: 7196, Time: 00:19:03

Health: -6/39      AC:  4    Str:  3    XL:     9   Next: 15%
Magic:  20/32      EV: 20    Int: 24    God:    Vehumet [****..]
Gold:   56         SH:  0    Dex: 13    Spells: 18/26 levels left

rFire   . . .      SeeInvis +    h - staff of poison
rCold   . . .      Faith    +    (shield currently unavailable)
rNeg    . . .      Spirit   .    y - +2 robe "Seopn" {rElec}
rPois   +          Reflect  .    (helmet restricted)
rElec   +          Rampage  .    (no cloak)
rCorr   .                        (gloves unavailable)
Will    +....                    (boots unavailable)
Stlth   ++                       l - amulet of faith
HPRegen 0.26/turn                n - ring of poison resistance
MPRegen 0.23/turn                B - ring of magical power

@: about to teleport, very quick
A: very small, no large weapons, unfitting armour, see invisible, speed 3
a: Renounce Religion


You were on level 6 of the Dungeon.
You worshipped Vehumet.
Vehumet was greatly pleased with you.
You visited 1 branch of the dungeon, and saw 6 of its levels.
You also visited: Sewer.

You collected 264 gold pieces.
You spent 208 gold pieces at shops.

Inventory:

Missiles
 a - 3 curare-tipped darts
 p - 2 throwing nets
Armour
 y - the +2 robe "Seopn" (worn) {rElec}
   (You found it on level 5 of the Dungeon)

   rElec:     It insulates you from electricity.
Magical Staves
 h - a staff of poison (weapon)
Jewellery
 l - an amulet of faith (around neck)
 n - a ring of poison resistance (left hand)
 A - a ring of resist corrosion
 B - a ring of magical power (right hand)
Wands
 j - a wand of iceblast (3)
Scrolls
 c - 2 scrolls of teleportation
 d - 2 scrolls of poison {unknown}
 e - 6 scrolls of identify {unknown}
 i - 2 scrolls of magic mapping {unknown}
 k - a scroll of brand weapon {unknown}
 r - 3 scrolls of immolation {unknown}
 u - a scroll of amnesia {unknown}
 v - a scroll of enchant weapon {unknown}
 x - a scroll of enchant armour {unknown}
Potions
 b - a potion of magic
 f - 2 potions of degeneration {unknown}
 g - 3 potions of attraction {unknown}
 m - 5 potions of heal wounds
 o - 3 potions of lignification {unknown}
 q - a potion of might {unknown}
 s - 6 potions of curing
 t - a potion of cancellation {unknown}
 w - 3 potions of flight
 z - a potion of resistance {unknown}


   Skills:
 + Level 7.2 Dodging
 - Level 3.0 Stealth
 * Level 9.2 Spellcasting
 * Level 6.3 Conjurations
 - Level 1.7 Air Magic
 + Level 2.5 Poison Magic


You had 18 spell levels left.
You knew the following spells:

 Your Spells              Type           Power      Damage    Failure   Level
a - Magic Dart            Conj           100%       1d8       1%          1
b - Searing Ray           Conj           82%        2d7       1%          2
c - Poisonous Vapours     Pois/Air       64%        N/A       1%          2
d - Mephitic Cloud        Conj/Pois/Air  42%        N/A       1%          3

Your spell library contained the following spells:

 Spells                   Type           Power      Damage    Failure   Level
 Dazzling Flash           Conj/Hex       52%        N/A       1%          3
 Sting                    Tmut/Pois      100%       1d8       3%          1
 Ignite Poison            Fire/Tmut/Pois 22%        N/A       3%          3
 Cigotuvi's Dreadful Rot  Necr/Pois/Air  54%        N/A       4%          2
 Fulminant Prism          Conj/Hex       13%        3d9       4%          4
 Iskenderun's Mystic Bla  Conj/Tloc      26%        2d7       4%          4
 Olgreb's Toxic Radiance  Pois           35%        N/A       5%          4
 Beastly Appendage        Tmut           22%        N/A       6%          1
 Wereblood                Tmut           11%        N/A       9%          2
 Spider Form              Tmut/Pois      25%        N/A       10%         3
 Freezing Cloud           Conj/Ice/Air   12%        6-21      13%         5


Dungeon Overview and Level Annotations

Branches:
Dungeon (6/15)             Temple (0/1) D:6           Sewer (visited)

Altars:
Dithmenos
Vehumet

Shops:
D:1 :   D:5 *[(!

Annotations:
D:6 Sigmund


Innate Abilities, Weirdness & Mutations

You are very small and have problems with some larger weapons.
You are too small for most types of armour.
You have supernaturally acute eyesight. (SInv)
You cover ground extremely quickly. (Speed+++)


Message History

You kill Edmund!
Vehumet accepts your kill.
Vehumet is now extending the range of your destructive spells.
You feel your power returning.
The centaur shoots an arrow.
The arrow misses you. The ball python closely misses you.
The ball python misses you.
The centaur shoots an arrow.
The arrow barely misses you. The ball python closely misses you.
The ball python barely misses you.
Sigmund mumbles some strange words.
Sigmund flickers and vanishes for a moment.
The centaur shoots an arrow.
The arrow hits you! The ball python misses you. The ball python grabs you.
You stop ascending the stairs.
The ball python constricts you.
Unknown command.
Unknown command.
Unknown command.
The ball python's grasp on you weakens, but your attempt to escape fails.
The centaur shoots an arrow.
The arrow hits you!
* * * LOW HITPOINT WARNING * * *
Sigmund casts a spell at you. The puff of flame hits you!
* * * LOW HITPOINT WARNING * * *
The ball python bites you but does no damage.
The ball python constricts you.
Unknown command.
Unknown command.
You escape the ball python's grasp.
Sigmund is suddenly surrounded by pale red light.
The centaur shoots an arrow.
The arrow misses you.
The orc wizard shouts!
Things that are here:
a +3 dire flail of protection; a +0 leather armour; the human corpse of Edmund
As you read the scroll labelled BAOHARPH DUTE, it crumbles to dust.
You feel strangely unstable.
It was a scroll of teleportation.
You hear a shout!
The centaur shoots an arrow.
The arrow closely misses you.
Sigmund laughs darkly.
Sigmund says, "Now you see me, now you don't..."
The centaur shoots an arrow.
The arrow hits you!
You die...

......##$..........#.......
.##..##.......##........#.
#.............##.......#
###............##o....#
#........@...........
#......##...<.c.....
.......##....S.#.....
#.....# #..##..###.##
...........#@.....#
@.............##..#
...........?# .
....#....#....
##..##..###.##.. ... ## #
.... ...#.


You could see Sigmund (invisible), a centaur, an orc wizard and a ball python.

Vanquished Creatures
  Grinder (D:5)
  Eustachio (D:6)
  Edmund (D:6)
  Pargi (D:3)
  A black bear (D:5)
  An ogre (D:5)
  A centaur (D:6)
  2 phantoms
  2 kobold brigands (Sewer)
  3 scorpions
  5 killer bees
  3 hounds
  A jelly (D:5)
  An orc priest (D:5)
  Ijyb (D:3)
  2 sleepcaps
  5 iguanas
  6 orc wizards
  A gnoll (D:1)
  5 adders
  3 river rats (Sewer)
  A shadow imp (D:6)
  2 white imps
  A worm (D:2)
  4 dart slugs
  24 orcs
  13 ball pythons
  5 bats
  10 endoplasms
  4 giant cockroaches
  14 goblins
  9 hobgoblins
  12 jackals
  11 kobolds
  3 quokkas
  A frilled lizard (D:2)
  10 rats
171 creatures vanquished.

Notes
Turn   | Place    | Note
-------+----------+-------------------------------------------
     0 | D:1      | greenreed the Spriggan Conjurer began the quest for the
                  | Orb.
     0 | D:1      | Reached XP level 1. HP: 9/9 MP: 5/5
   139 | D:1      | Reached skill level 3 in Spellcasting
   175 | D:1      | Reached XP level 2. HP: 13/13 MP: 5/7
   516 | D:1      | Found Dillinis's Vocational Training.
   632 | D:1      | Reached XP level 3. HP: 16/16 MP: 5/8
  1210 | D:2      | Learned a level 2 spell: Searing Ray
  1797 | D:2      | Found a faded altar of an unknown god.
  2299 | D:3      | Found a shadowy altar of Dithmenos.
  2334 | D:3      | Reached skill level 4 in Spellcasting
  2335 | D:3      | Reached XP level 4. HP: 21/21 MP: 1/11
  2437 | D:3      | Found a radiant altar of Vehumet.
  2683 | D:3      | Became a worshipper of Vehumet
  3321 | D:3      | Reached * piety under Vehumet
  3321 | D:3      | Offered knowledge of Kiss of Death by Vehumet.
  3401 | D:3      | Noticed Ijyb
  3558 | D:3      | Killed Ijyb
  3559 | D:3      | Reached XP level 5. HP: 23/24 MP: 0/13
  3854 | D:4      | Reached skill level 5 in Spellcasting
  3857 | D:4      | Reached XP level 6. HP: 20/28 MP: 3/15
  4075 | D:4      | Noticed Pargi
  4115 | D:3      | Killed Pargi
  4116 | D:3      | Reached skill level 5 in Dodging
  4116 | D:3      | Reached skill level 6 in Spellcasting
  4116 | D:3      | Reached XP level 7. HP: 32/32 MP: 0/17
  4264 | D:4      | Identified the +8 great mace of Expedience {flame, rF+ rC++
                  | Dex+3}
  4563 | D:4      | Reached ** piety under Vehumet
  4741 | D:4      | Offered knowledge of Poisonous Vapours by Vehumet.
  4793 | D:4      | Learned a level 2 spell: Poisonous Vapours
  5057 | D:5      | Entered Level 5 of the Dungeon
  5117 | D:5      | Noticed Grinder
  5148 | D:5      | Killed Grinder
  5149 | D:5      | Reached skill level 7 in Spellcasting
  5149 | D:5      | Reached skill level 5 in Conjurations
  5149 | D:5      | Reached skill level 1 in Air Magic
  5345 | D:5      | Reached XP level 8. HP: 36/36 MP: 10/20
  5503 | D:5      | Found Rehyhuts's Armour Emporium.
  5609 | D:5      | Offered knowledge of Momentum Strike by Vehumet.
  5664 | D:5      | Identified the +2 robe "Seopn" {rElec}
  5708 | D:5      | Found Iwnug's Assorted Antiques.
  5734 | D:5      | Bought a blackened glass ring for 120 gold pieces
  5984 | D:5      | Reached skill level 8 in Spellcasting
  5990 | D:5      | Reached skill level 1 in Poison Magic
  6084 | D:5      | Found Alie's Distillery.
  6087 | D:5      | Found Hamofups's Weapon Shoppe.
  6093 | D:5      | Bought a potion of heal wounds for 55 gold pieces
  6093 | D:5      | Bought a potion of curing for 33 gold pieces
  6299 | D:6      | Reached *** piety under Vehumet
  6569 | D:6      | Noticed Eustachio
  6576 | D:6      | Killed Eustachio
  6576 | D:6      | Found a staircase to the Ecumenical Temple.
  6628 | D:6      | Noticed Sigmund
  6716 | D:6      | Found a glowing drain.
  6725 | Sewer    | Entered a sewer
  6728 | Sewer    | Offered knowledge of Mephitic Cloud by Vehumet.
  6737 | Sewer    | Reached skill level 9 in Spellcasting
  6742 | Sewer    | Learned a level 3 spell: Mephitic Cloud
  6857 | Sewer    | Reached XP level 9. HP: 39/39 MP: 23/23
  6958 | Sewer    | Found a glowing silver altar of Zin.
  7024 | D:6      | Noticed Edmund
  7190 | D:6      | Killed Edmund
  7190 | D:6      | Reached **** piety under Vehumet
  7196 | D:6      | Shot with an arrow by a centaur

Illustrated notes

Levels and vault maps discovered:
D:1:      onia_arrival_pentagram, layout_basic, nicolae_shop_vocational
D:2:      layout_basic, serial_forest, infiniplex_forest_straight_3,
          infiniplex_forest_clump_tiny, infiniplex_forest_lined_2,
          infiniplex_forest_straight_2, infiniplex_forest_zigzag_2,
          infiniplex_forest_straight_3, infiniplex_forest_clump_diagonal,
          hellmonk_ecumenical_altar_pennies_from_heaven, grunt_ministairs_5
D:3:      kennysheep_goblin_castle, layout_rooms, nicolae_vehumet_radiance,
          grunt_dithmenos_smoke_and_mirrors
D:4:      layout_loops_cross, st_stairs_6, uniq_pargi
D:5:      layout_basic, serial_shops, shop, shop, nicolae_stop_n_shop_1, shop,
          uniq_grinder
D:6:      layout_cave_pools, mainiacjoe_overflow_swirl,
          minmay_temple_entry_mini_moons, cheibrodos_sewer_entry_sluice,
          chequers_serial_rivers_small_a, minmay_crossroads, uniq_edmund,
          uniq_eustachio, uniq_sigmund

Skill      XL: |  1  2  3  4  5  6  7  8 |
---------------+-------------------------+-----
Conjurations   | 3 4 5 6 |  6.3
Spellcasting   | 3 4 5 6 7 9 |  9.2
Dodging        | 3 4 5 7 |  7.2
Air Magic      | 1 |  1.7
Poison Magic   | 2 |  2.5
Stealth        | |  3.0

Action                     |  1- 3 |  4- 6 |  7- 9 || total
---------------------------+-------+-------+-------++-------
  Melee: Staff             |       |       |     5 ||     5
   Cast: Magic Dart        |   101 |    92 |   143 ||   336
         Searing Ray       |     3 |    13 |    40 ||    56
         Poisonous Vapours |       |       |     9 ||     9
         Mephitic Cloud    |       |       |     2 ||     2
  Evoke: Wand              |       |     1 |       ||     1
    Use: Scroll            |       |       |     1 ||     1
 Armour: Robe              |       |     4 |     8 ||    12
  Dodge: Dodged            |     4 |    35 |    75 ||   114

Table legend: (Time is in decaauts)
 A = Elapsed time spent in this place.
 B = Non-inter-level travel time spent in this place.
 C = Inter-level travel time spent in this place.
 D = Time resting spent in this place.
 E = Time spent auto-exploring this place.
 F = Levels seen in this place.
 G = Mean time per level.
                   A        B        C        D        E       F      G
               +--------+--------+--------+--------+--------+-----+--------+
         Total |   5918 |   5731 |    187 |    614 |   4135 |   7 |  845.4 |
       Dungeon |   5662 |   5475 |    187 |    614 |   3926 |   6 |  943.7 |
         Sewer |    256 |    256 |      0 |      0 |    208 |   1 |  256.0 |
               +--------+--------+--------+--------+--------+-----+--------+

Top non-repeatable levels by time:
     D:3: 1535 daAuts
     D:5: 1253 daAuts
     D:1: 1004 daAuts
     D:2: 794 daAuts
     D:4: 742 daAuts
     D:6: 331 daAuts
   Sewer: 256 daAuts
